 Dungeon Crawl Stone Soup version 0.26-a0-27-g1f0226971c (webtiles) character file.

Game seed: 10746148206784791185, levelgen mode: deterministic

66 Esekla the Grasshopper (level 4, -2/29 HPs)
             Began as an Octopode Warper on May 27, 2020.
             Slain by a worm (12 damage)
             ... on level 2 of the Dungeon.
             The game lasted 00:08:04 (1641 turns).

Esekla the Grasshopper (Octopode Warper)            Turns: 1641, Time: 00:08:05

Health: -2/29      AC:  1    Str: 10    XL:     4   Next: 15%
Magic:  5/7        EV: 14    Int: 16    God:
Gold:   56         SH:  0    Dex: 11    Spells: 3/7 levels left

rFire    . . .     SeeInvis .   a - +0 falchion
rCold    . . .     Gourm    .   (no shield)
rNeg     . . .     Faith    .   (helmet restricted)
rPois    .         Spirit   .   (no amulet)
rElec    .         Reflect  .   (no ring)
rCorr    .         Harm     .   (no ring)
MR       .....                  (no ring)
Stlth    ++........             (no ring)
HPRegen  0.09/turn              (no ring)
MPRegen  0.10/turn              (no ring)
                                (no ring)
                                (no ring)

@: no status effects
A: almost no armour, stealthy swim, amphibious, 8 rings, constrict 8, camouflage
1, gelatinous body 1
a: no special abilities


You were on level 2 of the Dungeon.
You were hungry.

You visited 1 branch of the dungeon, and saw 2 of its levels.

You collected 56 gold pieces.

Inventory:

Hand Weapons
 a - a +0 falchion (weapon)
Missiles
 b - 16 poisoned darts
 d - 5 boomerangs of dispersal (quivered)
Scrolls
 c - a scroll of blinking
 e - a scroll of enchant weapon {unknown}
 h - 3 scrolls of identify {unknown}
 j - a scroll of teleportation {unknown}
 k - a scroll of enchant armour {unknown}
Potions
 g - a potion of mutation {unknown}
Comestibles
 f - 4 rations
 i - 4 chunks of flesh


   Skills:
 + Level 2.1 Fighting
 * Level 2.9 Long Blades
 - Level 1.0 Throwing
 * Level 3.0 Dodging
 + Level 2.1 Spellcasting
 * Level 0.6 Charms
 * Level 3.4 Translocations


You had 3 spell levels left.
You knew the following spells:

 Your Spells              Type           Power        Failure   Level  Hunger
a - Shroud of Golubria    Chrm/Tloc      #.....       13%         2    ###....
b - Blink                 Tloc           N/A          8%          2    ###....

Your spell library contained the following spells:

 Spells                   Type           Power        Failure   Level  Hunger
 Gell's Gravitas          Tloc           ##........   16%         3    ###....
 Lesser Beckoning         Tloc           ##........   16%         3    ###....
 Teleport Other           Tloc           ##......     16%         3    ###....
 Passage of Golubria      Tloc           N/A          45%         4    #####..


Dungeon Overview and Level Annotations

Branches:
Dungeon (2/15)

Altars:


Innate Abilities, Weirdness & Mutations

You cannot wear most types of armour.
You are very stealthy in the water. (Stealth+)
You are amphibious.
You can wear up to eight rings at the same time.
You can use your tentacles to constrict eight enemies at once.
Your skin changes colour to match your surroundings (Stealth+).
Your rubbery body absorbs attacks. (AC +1, EV +1)


Message History

Your shroud begins to fray at the edges.
Found a scroll labeled SECA JINADD.
Found a stone staircase leading down.
Your shroud unravels.
k - a scroll labeled SECA JINADD A worm and a kobold come into view.
You hit the worm but do no damage. Your grab misses the worm.
You squeeze the worm, but do no damage. You hit the worm. You grab the worm.
The worm is lightly wounded.
You constrict the worm. The worm closely misses you.
You hit the worm but do no damage. You squeeze the worm, but do no damage.
The worm is lightly wounded.
You constrict the worm.
The kobold shouts!
The kobold throws a stone.
The stone hits you. The worm bites you!
You barely miss the worm.
The worm is moderately wounded.
You constrict the worm.
The kobold throws a stone.
The stone barely misses you. The worm bites you!
You die...

###### .....K###
........#
#......w## #####..
#....@.# .........
###....# ........
###..# ........
###....# >......
###......#
......###...###..#
#.....### ...#
#)..### ..##
#####†### ..#


You could see a worm and a kobold.

Vanquished Creatures
  An adder (D:2)
  3 worms (D:2)
  4 dart slugs (D:1)
  A leopard gecko (D:1)
  6 bats (D:1)
  A giant cockroach (D:2)
  5 hobgoblins
  8 frilled lizards (D:1)
  5 goblins
  5 kobolds
  4 rats (D:1)
43 creatures vanquished.

Notes
Turn   | Place    | Note
-------+----------+-------------------------------------------
     0 | D:1      | Esekla the Octopode Warper began the quest for the Orb.
     0 | D:1      | Reached XP level 1. HP: 14/14 MP: 3/3
    53 | D:1      | Reached XP level 2. HP: 8/19 MP: 5/5
    59 | D:1      | Learned a level 2 spell: Shroud of Golubria
    62 | D:1      | Learned a level 2 spell: Blink
   514 | D:1      | Reached XP level 3. HP: 23/24 MP: 6/6
  1599 | D:2      | Reached XP level 4. HP: 23/29 MP: 2/7
  1641 | D:2      | Slain by a worm

Illustrated notes

Levels and vault maps discovered:
D:1:      dpeg_arrival_boxes_within_box, layout_basic, grunt_decor_arrowhead,
          minmay_lizard_king
D:2:      layout_rooms, first_ration, st_stairs_14, minmay_unequal

Skill      XL: |  1  2  3 |
---------------+----------+-----
Dodging        | 3 |  3.0
Fighting       | |  2.1
Long Blades    | |  2.9
Throwing       | |  1.0
Spellcasting   | |  2.1
Charms         | |  0.6
Translocations | |  3.4

Action                   |  1- 3 |  4- 6 || total
-------------------------+-------+-------++-------
Melee: Falchion          |    81 |     9 ||    90
       Constrict         |    28 |     3 ||    31
       Tentacles         |    14 |     4 ||    18
 Cast: Shroud of Golubri |     2 |     1 ||     3
 Stab: Sleeping          |     4 |       ||     4
  Eat: Chunk             |     2 |       ||     2
Armor: Skin              |     6 |       ||     6
Dodge: Dodged            |    49 |     4 ||    53
       Rpst.: Falchion   |    18 |     1 ||    19

Table legend:
 A = Non-vault XP
 B = Vault XP
 C = Vault XP percentage of total XP
 D = Non-vault monster count
 E = Vault monster count
 F = Vault count percentage of total count
                 A         B        C        D         E       F
            +---------+---------+-------+---------+---------+-------
      Total |      71 |      24 |  25.3 |      34 |       9 |  20.9
            +---------+---------+-------+---------+---------+-------
        D:1 |      51 |       9 |  15.0 |      28 |       7 |  20.0
        D:2 |      20 |      15 |  42.9 |       6 |       2 |  25.0
            +---------+---------+-------+---------+---------+-------
